 Dungeon Crawl Stone Soup version 0.23-a0-550-g7de1f8e (webtiles) character file.

54 Geeful the Sneak (level 3, 0/21 HPs)
             Began as an Octopode Earth Elementalist on Dec 9, 2018.
             Succumbed to an adder's poison
             ... on level 3 of the Dungeon.
             The game lasted 00:04:17 (1993 turns).

Geeful the Sneak (Octopode Earth Elementalist)      Turns: 1993, Time: 00:04:17

Health: 0/21       AC:  1    Str:  7    XL:     3   Next: 91%
Magic:  4/6        EV: 19    Int: 18    God:
Gold:   97         SH:  0    Dex: 17    Spells: 6/7 levels left

rFire    + . .     SeeInvis .   g - +0 dagger
rCold    + . .     Gourm    .   (no shield)
rNeg     . . .     Faith    .   (helmet restricted)
rPois    +         Spirit   .   (no amulet)
rElec    +         Reflect  .   (no ring)
rCorr    +         Harm     .   (no ring)
MR       .....                  (no ring)
Stlth    +++++.....             (no ring)
HPRegen  0.07/turn              (no ring)
MPRegen  0.10/turn              (no ring)
                                (no ring)
                                (no ring)

@: agile, lethally poisoned (0 -> -8), resistant
A: almost no armour, stealthy swim, amphibious, 8 rings, constrict 8, camouflage
1, gelatinous body 1
a: no special abilities


You were on level 3 of the Dungeon.
You were hungry.

You visited 1 branch of the dungeon, and saw 3 of its levels.

You collected 97 gold pieces.

Inventory:

Hand Weapons
 g - a +0 dagger (weapon)
Missiles
 b - 66 stones (quivered)
 e - 15 poisoned needles
Scrolls
 a - a scroll of teleportation
 f - a scroll of identify {unknown}
Comestibles
 c - 3 rations


   Skills:
 + Level 2.7 Dodging
 + Level 3.6 Stealth
 + Level 2.5 Spellcasting
   Level 1.0 Transmutations
 + Level 3.4 Earth Magic


You had 6 spell levels left.
You knew the following spells:

 Your Spells              Type           Power        Failure   Level  Hunger
a - Sandblast             Erth           ##....       4%          1    #......

Your spell library contained the following spells:

 Spells                   Type           Power        Failure   Level  Hunger
 Passwall                 Tmut/Erth      ##......     11%         2    ##.....
 Stone Arrow              Conj/Erth      #.....       26%         3    ###....
 Petrify                  Tmut/Erth      ##......     56%         4    #####..
 Lee's Rapid Deconstruct  Erth           ##........   75%         5    ######.


Dungeon Overview and Level Annotations

Branches:
Dungeon (3/15)

Altars:


Innate Abilities, Weirdness & Mutations

You cannot wear most types of armour.
You are very stealthy in the water. (Stealth+)
You are amphibious.
You can wear up to eight rings at the same time.
You can use your tentacles to constrict eight enemies at once.
Your skin changes colour to match your surroundings (Stealth+).
Your rubbery body absorbs attacks. (AC +1, EV +1)


Message History

The adder is almost dead.
b - 67 stones
* * * LOW HITPOINT WARNING * * *
You feel sick. The adder bites you.
* * * LOW HITPOINT WARNING * * *
Casting: Sandblast (safe; 4% risk of failure)
Confirm with . or Enter, or press ? or * to list all spells.
Aiming: Sandblast (safe; 4% risk of failure)
Press: ? - help, Shift-Dir - straight line, f/p - adder
Aim: an adder (almost dead)
The blast of sand hits the adder.
You kill the adder!
b - 66 stones It was a potion of agility.
You feel agile all of a sudden.
* * * LOW HITPOINT WARNING * * *
You feel sick.
It was a potion of resistance.
You feel protected.
You die...

###.#.#
#......#
#...<.#
#.#.....
#.#####
#....###
#.#
####.#
#.# #.#
#.# #+#
#.# #.#
#@#
#†.....#
#..###...
#..# ##.#
.. ##


There were no monsters in sight!

Vanquished Creatures
  2 adders
  A worm (D:2)
  2 leopard geckos (D:1)
  A ball python (D:2)
  A giant cockroach (D:3)
  5 goblins
  3 hobgoblins
  3 kobolds
  9 bats
  5 frilled lizards
  A rat (D:2)
33 creatures vanquished.

Notes
Turn   | Place    | Note
-------+----------+-------------------------------------------
     0 | D:1      | Geeful the Octopode Earth Elementalist began the quest for
                  | the Orb.
     0 | D:1      | Reached XP level 1. HP: 11/11 MP: 3/3
   180 | D:1      | Reached XP level 2. HP: 17/17 MP: 3/5
   905 | D:2      | Reached XP level 3. HP: 18/21 MP: 3/6
  1992 | D:3      | HP: 1/21 [poisoned by an adder]
  1993 | D:3      | Succumbed to an adder's poison

Vault maps used:
D:1:      elethiomel_arrival_infinity_welcomes_careful_drivers
D:2:      minmay_wonky_spiral, serial_forest, infiniplex_forest_lined_room_2,
          infiniplex_forest_zigzag_1, infiniplex_forest_clump_small,
          infiniplex_forest_zigzag_1, infiniplex_forest_lined_3,
          infiniplex_forest_end_3
D:3:      fedhas_altar_1, nicolae_overflow_hidden_temple, uniq_sigmund

Skill      XL: |  1 |
---------------+----+-----
Stealth        | 3 |  3.6
Dodging        | |  2.7
Spellcasting   | |  2.5
Transmutations | |  1.0
Earth Magic    | |  3.4

Action                   || total
-------------------------++-------
Melee: Unarmed           ||    61
       Constrict         ||    26
       Tentacles         ||    16
       Dagger            ||    38
 Cast: Sandblast         ||    14
  Use: Scroll            ||     5
       Potion            ||     2
 Stab: Sleeping          ||     8
  Eat: Chunk             ||     3
Armor: Skin              ||    16
Dodge: Dodged            ||    85

Table legend:
 A = Non-vault XP
 B = Vault XP
 C = Vault XP percentage of total XP
 D = Non-vault monster count
 E = Vault monster count
 F = Vault count percentage of total count
                 A         B        C        D         E       F
            +---------+---------+-------+---------+---------+-------
      Total |      75 |       3 |   3.8 |      31 |       2 |   6.1
            +---------+---------+-------+---------+---------+-------
        D:1 |      24 |       0 |   0.0 |      14 |       0 |   0.0
        D:2 |      35 |       3 |   7.9 |      14 |       2 |  12.5
        D:3 |      16 |       0 |   0.0 |       3 |       0 |   0.0
            +---------+---------+-------+---------+---------+-------
